 Dungeon Crawl Stone Soup version 0.17-a0-1646-geb1493d (webtiles) character file.

10097 karlkraus the Blocker (level 11, -4/100 HPs)
             Began as a Minotaur Fighter on Aug 10, 2015.
             Was a High Priest of Qazlal.
             Slain by a yaktaur captain
             ... wielding a +0 morningstar
              (21 damage)
             ... on level 9 of the Dungeon.
             The game lasted 00:22:36 (6861 turns).

karlkraus the Blocker (Minotaur Fighter)            Turns: 6861, Time: 00:22:36

Health: -4/100     AC: 19    Str: 20    XL:     11   Next: 31%
Magic:  10/10      EV:  7    Int:  5    God:    Qazlal [*****.]
Gold:   208        SH: 20    Dex: 14    Spells: 0 memorised, 10 levels left

rFire  . . .     SeeInvis .     y - +2 flail (drain)
rCold  + . .     Clarity  .     i - +1 plate armour
rNeg   . . .     SustAt   .     c - +1 shield
rPois  +         Gourm    .     m - +2 hat {MR+}
rElec  .         Spirit   .     (no cloak)
rCorr  .         Warding  .     k - +0 pair of gloves
rMut   .         Stasis   .     (no boots)
MR     +....                    (no amulet)
Stlth  ..........               h - ring of poison resistance
                                C - ring of flight

@: protected from cold, repel missiles, somewhat resistant to hostile
enchantments, extremely unstealthy
A: retaliatory headbutt, horns 2
a: Upheaval, Elemental Force, Disaster Area, Renounce Religion, Evoke Flight


You were on level 9 of the Dungeon.
You worshipped Qazlal.
Qazlal was extremely pleased with you.
You were near starving.

You visited 1 branch of the dungeon, and saw 10 of its levels.
You also visited: Sewer.

You collected 561 gold pieces.
You spent 353 gold pieces at shops.

Inventory:

Hand weapons
 a - a +2 flail of holy wrath
 y - a +2 flail of draining (weapon)
Armour
 c - a +1 shield (worn)
 i - a +1 plate armour (worn)
 k - a +0 pair of gloves (worn)
 m - a +2 hat of magic resistance (worn)
 A - the +1 hat "Guutz" {rF+ rN+}
   (You bought it in a shop on level 7 of the Dungeon)

   It protects you from fire.
   It protects you from negative energy.
Jewellery
 h - a ring of poison resistance (right hand)
 C - a ring of flight (left hand)
 E - an uncursed ring of protection from fire
Magical devices
 d - a wand of polymorph (6)
 f - a wand of invisibility (3)
 q - a wand of enslavement (10)
 D - a wand of teleportation (3)
Scrolls
 g - 2 scrolls of identify
 n - 4 scrolls of fog
 r - 3 scrolls of fear
 s - 7 scrolls of remove curse
 u - 9 scrolls of teleportation
Potions
 o - 3 potions of curing
 p - a potion of lignification
 t - 6 potions of berserk rage
 x - a potion of flight
Comestibles
 e - 12 bread rations
 j - a beef jerky
 v - 4 fruits
 w - a royal jelly
 z - 4 slices of pizza
 B - 3 meat rations


   Skills:
 + Level 10.2 Fighting
 + Level 11.0 Maces & Flails
 + Level 11.2 Armour
 + Level 2.1 Dodging
 + Level 1.0 Stealth
 + Level 13.4 Shields


You had 10 spell levels left.
You didn't know any spells.

Dungeon Overview and Level Annotations

Branches:
Dungeon (10/15)            Temple (0/1) D:6            Lair (0/8) D:10
    Orc: D:9-12

Altars:
Ashenzari
Gozag
Kikubaaqudgha
Qazlal
Vehumet
Xom
Yredelemnul
Zin
The Shining One

Shops:
D:7 [


Innate Abilities, Weirdness & Mutations

You reflexively headbutt those who attack you in melee.
You have a pair of horns on your head.


Message History

The yaktaur captain is engulfed in freezing vapours.
The yaktaur captain hits you with an uncursed morningstar!
You thump the hungry ghost!
The hungry ghost is almost destroyed.
You hear a horrible gurgling sound!
You block the hungry ghost's attack.
You sock the hungry ghost!
You destroy the hungry ghost!
Qazlal accepts your kill.
The yaktaur captain is engulfed in freezing vapours.
You block the yaktaur captain's attack.
You sock the yaktaur captain!
You headbutt the yaktaur captain, but do no damage.
The yaktaur captain is heavily wounded.
The white very ugly thing gores you. The white very ugly thing freezes you!
You resist.
You feel more protected from cold.
* * * LOW HITPOINT WARNING * * *
The yaktaur captain hits you with an uncursed morningstar!!
You die...

# #.........(......#
##..........#.....#
#..........####...##
####..........## #....##
#.........)....###.....#
.(......>(......##.....
#...#)§...............
##.§#.c##.>...........
#§.@####..........§#
#..u# #.......#..##
#§.§. ..........##
#..... ..........###
#...............u...
#............##.a...
#....#####..##...§##
'....# #.##....§§#
.....####..........


You could see a white very ugly thing and a yaktaur captain.

Vanquished Creatures
  Gastronok (D:8)
  Erica (D:8)
  A centaur warrior (D:9)
  An elephant (D:10)
  Joseph (D:8)
  A troll (D:9)
  A two-headed ogre (D:10)
  A wyvern (D:7)
  Sigmund (D:6)
  A spriggan (D:7)
  A hippogriff (D:10)
  3 hungry ghosts
  Menkaure (D:6)
  3 water moccasins
  6 orc warriors
  3 sky beasts
  10 ogres
  A black bear (D:7)
  A necrophage (D:9)
  A centaur (D:9)
  2 phantoms
  2 crocodiles
  3 big kobolds
  4 giant frogs
  2 scorpions
  5 wights (D:5)
  A water moccasin skeleton (D:10)
  4 crimson imps
  3 jellies
  A giant frog skeleton (D:9)
  A giant frog zombie (D:6)
  4 hounds
  9 orc wizards
  3 centaur skeletons
  3 iguanas
  Natasha (thrice) (D:3)
  4 orc priests
  5 worker ants
  A sheep (D:10)
  2 hound zombies
  2 worker ant zombies
  10 adders
  4 gnolls (D:4)
  2 river rats (D:3)
  2 oozes
  3 adder skeletons
  An adder zombie (D:8)
  3 worms
  8 giant geckos
  44 orcs
  3 giant cockroaches
  4 goblins
  3 hobgoblins
  5 quokkas
  5 ball pythons
  8 bats
  A giant cockroach zombie (D:5)
  2 giant newts
  A jackal zombie (D:5)
  13 kobolds
  2 quokka skeletons
  5 rats
233 creatures vanquished.

Notes
Turn   | Place    | Note
--------------------------------------------------------------
     0 | D:1      | karlkraus the Minotaur Fighter began the quest for the Orb.
     0 | D:1      | Reached XP level 1. HP: 19/19 MP: 0/0
   502 | D:1      | Reached XP level 2. HP: 25/27 MP: 1/1
   503 | D:1      | Reached skill level 4 in Shields
   649 | D:2      | Found a basalt altar of Yredelemnul.
   787 | D:2      | Found a shimmering altar of Xom.
   805 | D:2      | Found a shattered altar of Ashenzari.
   901 | D:2      | Reached XP level 3. HP: 24/33 MP: 2/2
  1100 | D:2      | Found an ancient bone altar of Kikubaaqudgha.
  1120 | D:2      | Found a stormy altar of Qazlal.
  1156 | D:2      | Became a worshipper of Qazlal Stormbringer
  1289 | D:3      | Found an opulent altar of Gozag.
  1447 | D:3      | Noticed Natasha
  1462 | D:3      | Killed Natasha
  1566 | D:3      | Reached XP level 4. HP: 40/40 MP: 3/3
  1638 | D:3      | Noticed Natasha
  1648 | D:3      | Killed Natasha
  1656 | D:3      | Noticed Natasha
  1665 | D:3      | Killed Natasha
  1879 | D:3      | Found a glowing drain.
  1884 | D:3      | Reached skill level 5 in Shields
  1884 | D:3      | Reached XP level 5. HP: 36/47 MP: 4/4
  1890 | Sewer    | Entered a sewer
  1946 | Sewer    | Acquired Qazlal's first power
  2416 | D:4      | Reached skill level 5 in Armour
  2426 | D:4      | Reached XP level 6. HP: 36/55 MP: 5/5
  2444 | D:4      | Reached skill level 7 in Fighting
  2444 | D:4      | Reached skill level 10 in Armour
  2444 | D:4      | Reached skill level 10 in Shields
  2444 | D:4      | Reached XP level 7. HP: 42/67 MP: 6/6
  2464 | D:4      | Noticed an ogre
  2468 | D:4      | Killed an ogre
  2951 | D:5      | Entered Level 5 of the Dungeon
  2974 | D:5      | Reached XP level 8. HP: 65/74 MP: 7/7
  3038 | D:5      | Acquired Qazlal's second power
  3042 | D:5      | Found a glowing golden altar of the Shining One.
  3108 | D:5      | Reached skill level 1 in Dodging
  3688 | D:6      | Reached skill level 11 in Shields
  3776 | D:6      | Noticed Sigmund
  3777 | D:6      | Noticed Menkaure
  3786 | D:6      | Killed Sigmund
  3786 | D:6      | Reached XP level 9. HP: 49/82 MP: 8/8
  3789 | D:6      | Killed Menkaure
  3998 | D:6      | Acquired Qazlal's third power
  4020 | D:6      | Found a staircase to the Ecumenical Temple.
  4306 | D:7      | Found Yjenulat's Armour Boutique.
  4321 | D:7      | Bought the +1 hat "Guutz" {rF+ rN+} for 353 gold pieces
  4430 | D:7      | Reached skill level 1 in Stealth
  4778 | D:7      | Found a glowing silver altar of Zin.
  4778 | D:7      | Found a radiant altar of Vehumet.
  4978 | D:8      | Acquired Qazlal's fourth power
  4978 | D:8      | Reached XP level 10. HP: 75/91 MP: 9/9
  5060 | D:8      | Noticed Erica
  5079 | D:8      | Reached skill level 12 in Shields
  5094 | D:8      | Killed Erica
  5240 | D:8      | Noticed Gastronok
  5269 | D:8      | Killed Gastronok
  5269 | D:8      | Reached skill level 10 in Maces & Flails
  5755 | D:8      | Noticed Joseph
  5771 | D:8      | Killed Joseph
  6204 | D:9      | Noticed a centaur warrior
  6214 | D:9      | Killed a centaur warrior
  6214 | D:9      | Reached XP level 11. HP: 96/99 MP: 10/10
  6243 | D:9      | Reached skill level 13 in Shields
  6251 | D:9      | Noticed a white very ugly thing
  6254 | D:9      | Noticed a yaktaur captain
  6279 | D:10     | Entered Level 10 of the Dungeon
  6313 | D:10     | Reached skill level 10 in Fighting
  6442 | D:10     | Acquired Qazlal's fifth power
  6508 | D:10     | Found a staircase to the Lair.
  6861 | D:9      | Slain by a yaktaur captain

Vault maps used:
D:1:      matt_arrival_grand_opening
D:2:      nicolae_overflow_quartered_altars, yredelemnul_altar_generic
D:3:      nicolae_gozag_cash_rules_everything_around_me, portal_sewer_entry_e,
          kennysheep_generic_room_8, uniq_natasha
D:5:      kennysheep_mini, first_bread
D:6:      minmay_temple_entry_from_below_a, hangedman_decor_push,
          small_statue_intersection, grunt_potential, uniq_sigmund,
          uniq_menkaure
D:7:      lemuel_ice_spiral_2, minitemple, serial_shops, shop_coins, the_bakery
D:8:      uniq_joseph, uniq_erica, uniq_gastronok
D:9:      orc_0_dummy, jmf_multi_god_temple
D:10:     david_lair_generic
Sewer:    sewer_big_baddie

Action                   |  1- 3 |  4- 6 |  7- 9 | 10-12 || total
-------------------------+-------+-------+-------+-------++-------
Melee: Flail             |    88 |   108 |   300 |   276 ||   772
  Use: Potion            |       |     2 |     2 |     1 ||     5
       Scroll            |       |     9 |    12 |     9 ||    30
 Stab: Invisible         |       |       |     1 |       ||     1
  Eat: Chunk             |     1 |     3 |     9 |     6 ||    19
